Map: [G8] Royal Blood

Players

herO - Winner!

  • Race: Protoss Protoss
  • Spawn Location: 1:00

HeroMarine

  • Race: Terran Terran
  • Spawn Location: 7:00

Event: Gamers8 2023

VOD

Have the link to the VOD?

Description

Time

  • Played on: Aug. 3, 2023, 7:20 a.m.
  • Length: 12:13

All games in this series

Show
View Real Time Build Order
Export as new Build Order

herO Protoss - Winner!

Build Orders:  

Get SALT Encoding   

  12  0:00  Probe  
  13  0:12  Probe  
  14  0:18  Pylon  
  14  0:24  Probe (Chrono Boost)  
  15  0:36  Probe (Chrono Boost)  
  15  0:38  Gateway  
  16  0:45  Probe (Chrono Boost)  
  16  0:49  Assimilator  
  17  0:51  Probe  
  18  1:01  Pylon  
  18  1:03  Probe  
  19  1:15  Probe  
  20  1:22  Gateway  
  20  1:25  Cybernetics Core  
  20  1:32  Zealot  
  22  1:36  Probe  
  22  2:01  Adept (Chrono Boost)  
  22  2:03  Warp Gate  
  24  2:09  Adept (Chrono Boost)  
  26  2:22  Adept (Chrono Boost)  
  28  2:28  Adept  
  30  2:32  Nexus  
  30  2:37  Pylon  
  30  2:40  Probe  
  31  2:47  Assimilator  
  31  2:55  Probe  
  31  2:57  Stalker  
  34  3:05  Stalker  
  36  3:08  Probe  
  35  3:20  Probe  
  35  3:22  Shield Battery  
  36  3:32  Probe, Stalker  
  39  3:44  Probe  
  39  3:45  Probe  
  41  3:51  Twilight Council  
  41  3:56  Probe  
  41  3:58  Probe  
  41  4:08  Probe  
  40  4:10  Probe  
  40  4:11  Stalker x2  
  43  4:20  Probe, Blink (Chrono Boost)  
  43  4:22  Probe  
  43  4:27  Assimilator  
  43  4:33  Pylon, Probe  
  43  4:34  Probe  
  45  4:45  Probe  
  46  4:46  Probe  
  46  4:48  Robotics Facility  
  46  4:52  Pylon  
  47  4:53  Shield Battery  
  47  4:55  Gateway  
  47  4:57  Probe  
  47  4:58  Probe  
  49  5:09  Stalker x2  
  49  5:12  Pylon  
  53  5:22  Nexus  
  53  5:26  Probe x2  
  55  5:35  Observer (Chrono Boost)  
  56  5:36  Shield Battery  
  56  5:38  Stalker  
  56  5:39  Stalker  
  56  5:41  Probe  
  56  5:42  Probe  
  62  5:46  Pylon  
  62  5:49  Observer (Chrono Boost)  
  62  5:52  Gateway  
  62  5:54  Probe x2  
  65  5:59  Charge  
  65  6:04  Gateway  
  65  6:08  Observer, Probe x2  
  66  6:20  Probe x2  
  66  6:21  Stalker x3  
  74  6:32  Gateway, Probe x2  
  76  6:33  Gateway  
  76  6:38  Pylon  
  76  6:40  Probe  
  75  6:48  Probe  
  75  6:49  Probe  
  75  6:53  Probe  
  77  7:01  Probe x2  
  79  7:02  Templar Archives  
  79  7:05  Probe  
  79  7:08  Stalker x3  
  79  7:12  Gateway  
  79  7:13  Assimilator, Probe  
  79  7:14  Probe  
  87  7:19  Gateway  
  87  7:26  Probe  
  87  7:29  Forge  
  88  7:35  Pylon, Gateway  
  87  7:37  Stalker x2  
  93  7:47  Zealot x3  
  97  7:54  Zealot x2  
  95  8:02  Zealot  
  89  8:09  Stalker  
  89  8:10  Stalker x3  
  89  8:15  Zealot x2  
  89  8:17  Zealot  
  87  8:23  Stalker  
  73  8:30  Observer  
  73  8:31  Observer  
  68  8:36  Stalker x7  
  68  8:41  Robotics Facility, Observer, Probe x3  
  80  8:51  Observer  
  80  8:52  Shield Battery  
  78  8:56  Zealot x2  
  78  8:58  Probe  
  78  8:59  Probe x2  
  85  9:04  High Templar x2  
  85  9:05  Zealot x5  
  98  9:14  Nexus  
  97  9:17  Archon  
  97  9:19  Sentry  
  98  9:25  Warp Prism (Chrono Boost)  
  98  9:39  Observer  
  98  9:41  Stalker x2  
  98  9:42  Zealot x5  
  108  9:49  Zealot  
  108  9:59  Observer  
  108  10:02  Immortal (Chrono Boost)  
  108  10:06  High Templar x2  
  108  10:10  Archon  
  108  10:11  Pylon  
  108  10:13  Pylon  
  108  10:15  Pylon  
  108  10:22  Observer  
  108  10:28  High Templar  
  110  10:29  Zealot x5, High Templar  
  110  10:34  Archon  
  120  10:43  Photon Cannon  
  113  10:58  Stalker x6  
  113  11:03  Zealot x2  
  88  11:23  Probe x2  
  88  11:24  Probe  
  88  11:25  Stalker x2  
  83  11:35  Probe  
  74  11:54  Stalker x2  
  74  11:55  Stalker x2  
  74  11:59  Probe x3  
Show
View Real Time Build Order
Export as new Build Order

HeroMarine Terran 

Build Orders:  

Get SALT Encoding   

  12  0:00  SCV  
  13  0:12  SCV  
  14  0:17  Supply Depot  
  14  0:24  SCV  
  15  0:38  SCV  
  15  0:39  Barracks  
  16  0:44  Refinery  
  16  0:50  SCV  
  16  0:54  Refinery  
  17  1:02  SCV  
  18  1:15  SCV  
  19  1:26  Reaper  
  19  1:27  Orbital Command  
  20  1:41  Factory  
  20  1:48  Supply Depot  
  20  1:53  SCV  
  21  1:58  Reaper  
  22  2:05  SCV  
  23  2:17  SCV  
  24  2:27  Hellion  
  24  2:29  SCV  
  27  2:31  Barracks Reactor  
  27  2:36  Command Center  
  27  2:41  SCV  
  28  2:46  Command Center  
  28  2:49  Widow Mine  
  30  2:53  SCV  
  30  2:56  Supply Depot  
  31  3:06  Starport  
  31  3:16  Marine, SCV  
  31  3:17  Marine  
  31  3:18  Widow Mine  
  34  3:29  SCV  
  35  3:34  Marine  
  35  3:35  Marine  
  35  3:41  SCV  
  38  3:48  Factory Tech Lab  
  38  3:50  Barracks, Starport Tech Lab  
  38  3:52  Marine  
  39  3:57  Marine  
  39  3:58  SCV  
  39  4:08  Siege Tank  
  39  4:10  Marine, SCV  
  39  4:11  Orbital Command  
  39  4:15  Marine  
  41  4:22  SCV  
  37  4:26  Raven  
  37  4:27  Marine  
  40  4:33  Marine  
  40  4:34  SCV  
  40  4:36  Barracks  
  41  4:41  SCV  
  40  4:46  SCV  
  40  4:47  Marine  
  40  4:51  Marine  
  40  4:52  Supply Depot  
  43  4:53  SCV  
  46  5:02  Marine, Stimpack  
  46  5:05  Marine, SCV x2  
  48  5:09  Marine  
  48  5:11  Banshee  
  52  5:17  SCV  
  52  5:20  Marine  
  52  5:21  Factory Tech Lab  
  54  5:23  Marine, Widow Mine  
  54  5:27  Marine, Orbital Command, Supply Depot  
  58  5:29  SCV  
  59  5:38  Marine  
  59  5:41  Marine, SCV  
  59  5:42  Supply Depot  
  62  5:49  Marine  
  63  5:53  Engineering Bay  
  63  5:55  Marine, SCV  
  66  5:59  Marine  
  66  6:02  Marine  
  68  6:04  Factory Reactor, Starport Reactor  
  68  6:06  Marine, Combat Shield  
  68  6:12  SCV  
  68  6:13  Marine, SCV  
  68  6:17  Marine  
  72  6:20  Marine  
  72  6:21  Refinery  
  72  6:22  Terran Infantry Weapons Level 1  
  72  6:23  Missile Turret, Supply Depot  
  72  6:24  Marine  
  72  6:25  SCV x2  
  76  6:31  Marine  
  76  6:32  Supply Depot  
  77  6:34  Marine  
  77  6:39  Supply Depot  
  78  6:45  Marine x2, SCV x2  
  82  6:49  Marauder  
  82  6:52  Medivac  
  82  6:53  Marine  
  87  6:57  Medivac  
  87  7:01  Widow Mine, Refinery  
  88  7:02  Marine, Widow Mine  
  88  7:03  Marauder  
  93  7:11  Marauder, Marine  
  96  7:20  Marine  
  97  7:23  Supply Depot  
  97  7:24  Marine  
  97  7:25  Supply Depot  
  97  7:27  Widow Mine x2  
  97  7:29  Medivac  
  102  7:34  Supply Depot  
  102  7:41  Medivac, Marauder, Marine x2  
  106  7:48  SCV x2  
  102  7:52  Marauder  
  102  7:56  Widow Mine x2  
  104  7:59  Marine x2  
  104  8:00  Medivac  
  104  8:03  Marauder  
  102  8:06  SCV x2  
  102  8:11  Medivac  
  99  8:13  Marine  
  99  8:16  Marine x2  
  99  8:19  SCV  
  101  8:24  Marine  
  93  8:30  Medivac  
  93  8:31  Marine  
  93  8:32  Widow Mine x2  
  94  8:34  Marine x2  
  94  8:42  Marauder  
  94  8:49  Marauder  
  94  8:52  Command Center, Marine x2  
  96  9:01  Widow Mine x2  
  98  9:03  Medivac x2, Marauder  
  104  9:10  Marine, Armory  
  104  9:11  Marauder  
  104  9:16  Marine  
  110  9:25  Marauder  
  110  9:27  Widow Mine x2  
  110  9:30  Barracks  
  108  9:32  Marauder  
  110  9:42  Liberator x2  
  110  9:43  Marine x2  
  116  9:46  Marauder  
  120  9:54  Marauder  
  120  9:59  Barracks, Widow Mine x2  
  124  10:01  Marine x2  
  124  10:03  SCV  
  125  10:08  Marauder  
  123  10:20  Marauder, Marine x2, Widow Mine  
  123  10:21  Widow Mine  
  131  10:22  Barracks Reactor  
  131  10:24  SCV  
  131  10:25  SCV  
  133  10:28  Medivac x2  
  133  10:29  Marauder  
  139  10:36  SCV  
  139  10:37  SCV  
  139  10:39  Orbital Command  
  141  10:45  Widow Mine x2  
  141  10:46  Marauder  
  141  10:48  Marine  
  148  10:55  Marauder  
  140  10:58  Marine  
  140  11:00  Marine x2  
  120  11:06  Widow Mine  
  120  11:08  Marauder, Marine  
  95  11:18  Marine  
  95  11:24  Marine  
  90  11:26  Orbital Command  
  90  11:31  Marine  
  63  11:41  Marine  
  63  11:45  Marine  
  60  11:55  Marine x2  
Tags
 
Add a new tag
Caveats
  • Supply blocks, unpowered buildings, or Contaminate may cause inaccurate times.
  • Supply counts are checked every 10 seconds.